 Dungeon Crawl Stone Soup version 0.31-a0-986-g5e6e4ef867 (webtiles) character file.

Game seed: 2151102222220290847

11853 wingedge the Protected (level 11, -6/86 HPs)
             Began as a Demigod Earth Elementalist on Nov 8, 2023.
             Mangled by a harpy simulacrum (18 damage)
             ... in an ice cave.
             The game lasted 00:32:47 (14048 turns).

wingedge the Protected (DgEE)                      Turns: 14048, Time: 00:32:48

Health: -6/86      AC: 17    Str: 17    XL:     11   Next: 30%
Magic:  23/23      EV: 10    Int: 24    God:
Gold:   804        SH:  6    Dex: 20    Spells: 17/21 levels left

rFire   + + +        b - +5 morningstar
rCold   . . .        N - +0 buckler
rNeg    . . .        u - +0 fire dragon scales
rPois   .            (no helmet)
rElec   .            l - +1 cloak
rCorr   .            K - +1 pair of gloves
SInv    .            (no boots)
Will    ++...        x - amulet of magic regeneration
Stlth   +            L - ring "Qymn" {rF+ rC+ Will+ Int+3}
HPRegen 0.34/turn    X - +6 ring of dexterity
MPRegen 0.58/turn

%: no passive effects
@: about to teleport
A: high MP 1, forlorn, divine attributes
a: no special abilities


You were in an ice cave.
You visited 3 branches of the dungeon, and saw 11 of its levels.
You also visited: Ossuary and Ice Cave.

You collected 804 gold pieces.

Inventory:

Hand Weapons
 a - a +2 whip of electrocution
 b - a +5 morningstar (weapon)
 j - a +1 double sword of freezing
Missiles
 I - 5 javelins
 M - 7 throwing nets
Armour
 l - a +1 cloak (worn)
 r - a +0 kite shield
 u - +0 fire dragon scales (worn)
 K - a +1 pair of gloves (worn)
 N - a +0 buckler (worn)
 R - a +1 robe of willpower
 W - a +0 tower shield of cold resistance
Jewellery
 c - a ring of magical power
 f - a ring of flight
 k - a ring of magical power
 o - a +5 ring of evasion
 s - a ring of see invisible
 x - an amulet of magic regeneration (around neck)
 J - a ring of protection from fire
 L - the ring "Qymn" (left hand) {rF+ rC+ Will+ Int+3}
   (You found it on level 6 of the Dungeon)

   [ring of protection from fire]

   Int+3:     It affects your intelligence (+3).
   rF+:       It protects you from fire.
   rC+:       It protects you from cold.
   Will+:     It increases your willpower.
 P - a ring of poison resistance
 X - a +6 ring of dexterity (right hand)
Talismans
 v - a talisman of death
Wands
 y - a wand of flame (37)
 H - a wand of polymorph (21)
 T - a wand of roots (7)
 Z - a wand of paralysis (1)
Scrolls
 d - 3 scrolls of immolation
 g - a scroll of teleportation
 h - a scroll of vulnerability
 m - 2 scrolls of silence
 n - a scroll of poison
 q - a scroll of brand weapon {unknown}
 B - a scroll of fear {unknown}
 F - a scroll of enchant weapon
 O - a scroll of revelation
 U - a scroll of blinking {unknown}
Potions
 e - a potion of resistance {unknown}
 i - a potion of mutation {unknown}
 p - a potion of curing {unknown}
 t - 7 potions of heal wounds
 w - 2 potions of haste {unknown}
 z - 2 potions of ambrosia
 A - 2 potions of invisibility {unknown}
 C - 2 potions of might {unknown}
 D - 2 potions of berserk rage {unknown}
 E - a potion of enlightenment {unknown}
 S - 2 potions of magic
 Y - a potion of cancellation {unknown}
Miscellaneous
 V - a tin of tremorstones (2/2)


   Skills:
 - Level 5.0 Fighting
 - Level 1.0 Maces & Flails
 + Level 11.1 Armour
 - Level 3.0 Dodging
 - Level 1.7 Stealth
 + Level 3.5 Shields
 + Level 5.6 Spellcasting
 + Level 6.7 Conjurations
 - Level 0.8 Transmutations
 + Level 6.6 Earth Magic


You had 17 spell levels left.
You knew the following spells:

 Your Spells              Type           Power      Damage    Failure   Level
a - Sandblast             Erth           76%        2d16      2%          1
b - Stone Arrow           Conj/Erth      76%        3d11      6%          3

Your spell library contained the following spells:

 Spells                   Type           Power      Damage    Failure   Level
 Shock                    Conj/Air       88%        1d8       9%          1
 Passwall                 Tmut/Erth      20%        N/A       11%         2
 Brom's Barrelling Bould  Conj/Erth      38%        2d6       22%         4
 Apportation              Tloc           12%        N/A       34%         1
 Jinxbite                 Hex            12%        N/A       45%         2
 Scorch                   Fire           12%        2d5       45%         2
 Petrify                  Tmut/Erth      24%        N/A       58%         4
 Flame Wave               Conj/Fire      22%        2d8       63%         4
 Inner Flame              Hex/Fire       6%         N/A       71%         3
 Swiftness                Air            6%         N/A       71%         3
 Airstrike                Air            3%         2d(1-17)  98%         4
 Summon Ice Beast         Ice/Summ       6%         N/A       98%         4
 Alistair's Intoxication  Tmut/Pois      5%         N/A       100%        5
 Summon Mana Viper        Hex/Summ       6%         N/A       100%        5
 Yara's Violent Unravell  Hex/Tmut       4%         3d4       100%        5
 Summon Cactus Giant      Summ           3%         N/A       100%        6
 Enfeeble                 Hex            3%         N/A       100%        7
 Monstrous Menagerie      Summ           3%         N/A       100%        7


Dungeon Overview and Level Annotations

Branches:
Dungeon (9/15)             Temple (1/1) D:5            Lair (1/5) D:8
Ossuary (visited)           IceCv (1/1)
    Orc: D:9-12

Shops:
D:5 (


Innate Abilities, Weirdness & Mutations

You have an increased reservoir of magic. (+10% MP)
You shall have no god before yourself.
Your divine heritage dramatically boosts your attributes as you level up.


Message History

Confirm with . or Enter, or press ? or * to list all spells.
Okay, then.
Throw: 8 throwing nets
Press: ? - help, Shift-Dir - straight line, f - reaper
Aim: a reaper, wielding a +0 scythe of freezing (62% to hit)
You throw a throwing net. The throwing net hits the reaper.
The reaper is caught in the net!
The harpy simulacrum claws you but does no damage. x3
The harpy simulacrum claws you. The harpy simulacrum freezes you!
The reaper struggles against the net.
Casting: Stone Arrow (dangerous; 6% risk of failure)
Confirm with . or Enter, or press ? or * to list all spells.
Aiming: Stone Arrow (dangerous; 6% risk of failure)
Press: ? - help, Shift-Dir - straight line, f/p - reaper
Aim: a reaper, wielding a +0 scythe of freezing (entangled in a net, 100% to hit)
Okay, then.
The harpy simulacrum attacks as it pursues you!
The harpy simulacrum claws you but does no damage.
The harpy simulacrum claws you. The harpy simulacrum freezes you!
The harpy simulacrum claws you. The harpy simulacrum freezes you!
The harpy simulacrum claws you but does no damage.
The reaper struggles against the net.
You see here 11 gold pieces.
The harpy simulacrum attacks as it pursues you!
You block the harpy simulacrum's attack.
The harpy simulacrum claws you but does no damage.
The harpy simulacrum barely misses you. x2
The reaper struggles against the net.
The harpy simulacrum claws you but does no damage.
The harpy simulacrum closely misses you.
You see here a phantom mirror.
As you read the scroll of teleportation, it crumbles to dust.
You feel strangely unstable. The harpy simulacrum claws you.
* * * LOW HITPOINT WARNING * * *
The harpy simulacrum freezes you!
* * * LOW HITPOINT WARNING * * *
The harpy simulacrum claws you.
* * * LOW HITPOINT WARNING * * *
The harpy simulacrum freezes you!!
You die...

....## ###.....#
#....... #$Z....
#$2ZZ# #$$Z##
#$$$$# .#≈##≈
#)Z$$# ##≈≈#≈≈
#}@[## #≈≈≈≈≈≈ #
#)[.##### #≈≈≈≈≈≈
Z ##.##.#.##
≈≈≈≈≈≈≈#.
##.§§§☼§#
≈≈≈≈≈≈~~#
##§§☼§§##≈≈≈≈≈≈~~#
#.§○§§..# #Z~
##.§§§§#### ##~
#...§§###.### ##
###§#..##...# ##


You could see a reaper (caught), a three-headed hydra simulacrum, a death yak
simulacrum, 2 cane toad simulacra and a harpy simulacrum.

Vanquished Creatures
  A two-headed ogre (D:9)
  Amaemon (D:8)
  Pikel (D:5)
  An orange demon (D:8)
  2 kobold demonologists (D:9)
  2 trolls
  A freezing wraith (IceCv)
  A hornet (D:9)
  Grinder (D:5)
  A dire elephant simulacrum (IceCv)
  10 yaks
  Grum (D:9)
  2 steam dragons
  A death yak simulacrum (IceCv)
  An orc warrior (D:9)
  2 sky beasts
  2 ice beasts
  3 ogres
  3 centaurs
  4 wolves
  A lemure (D:5)
  2 phantoms (D:5)
  A kobold brigand (D:8)
  6 bullfrogs
  2 cane toad simulacra (IceCv)
  4 gnoll sergeants
  5 scorpions
  A two-headed ogre simulacrum (IceCv)
  6 water moccasin zombies (Ossuary)
  10 wights
  21 killer bees
  2 elephant simulacra (IceCv)
  A vampire bat (D:4)
  A howler monkey (D:8)
  A jelly (D:8)
  3 orc priests
  6 hounds (D:6)
  A gnoll bouda (D:6)
  5 iguanas
  A sleepcap (D:7)
  6 orc wizards
  A polar bear simulacrum (IceCv)
  9 spriggan simulacra (IceCv)
  4 troll simulacra (IceCv)
  4 wolf simulacra
  2 mummies (Ossuary)
  31 gnolls
  10 naga simulacra (IceCv)
  4 adders
  A shadow imp (D:6)
  7 white imps
  4 ufetubi
  5 adder zombies (Ossuary)
  3 worms
  13 dart slugs
  3 fire bats (D:4)
  15 orcs
  2 spectral bats (D:4)
  7 ball pythons
  3 bat skeletons (D:4)
  A bat zombie (D:4)
  8 endoplasms
  4 giant cockroaches
  4 gnoll zombies (Ossuary)
  9 goblins
  7 hobgoblins
  6 jackals
  4 quokkas
  14 bats
  A bat simulacrum (D:4)
  4 frilled lizards
  3 hobgoblin zombies (Ossuary)
  A jackal zombie (D:4)
  18 kobolds
  4 kobold zombies (Ossuary)
  2 orc zombies (Ossuary)
  7 rats
352 creatures vanquished.

Vanquished Creatures (others)
  A human (D:5)
1 creature vanquished.

Grand Total: 353 creatures vanquished

Notes
Turn   | Place    | Note
-------+----------+-------------------------------------------
     0 | D:1      | wingedge the Demigod Earth Elementalist began the quest for
                  | the Orb.
     0 | D:1      | Reached XP level 1. HP: 14/14 MP: 5/5
    47 | D:1      | Reached XP level 2. HP: 15/20 MP: 0/7
   330 | D:1      | Reached skill level 1 in Conjurations
   732 | D:1      | Reached XP level 3. HP: 26/26 MP: 6/8
   766 | D:1      | Learned a level 3 spell: Stone Arrow
  2241 | D:3      | Reached XP level 4. HP: 30/33 MP: 6/10
  3591 | D:4      | Found a sand-covered staircase.
  3597 | D:4      | Reached XP level 5. HP: 38/38 MP: 11/12
  3654 | Ossuary  | Entered an ossuary
  3870 | Ossuary  | Reached XP level 6. HP: 45/45 MP: 12/14
  4508 | Ossuary  | Reached skill level 1 in Fighting
  4508 | Ossuary  | Reached skill level 1 in Armour
  4770 | D:4      | Reached XP level 7. HP: 52/52 MP: 16/16
  5530 | D:4      | Reached skill level 2 in Armour
  5992 | D:5      | Entered Level 5 of the Dungeon
  6123 | D:5      | Reached skill level 5 in Conjurations
  6123 | D:5      | Reached skill level 5 in Earth Magic
  6200 | D:5      | Reached skill level 3 in Armour
  6235 | D:5      | Found a staircase to the Ecumenical Temple.
  6244 | D:5      | Reached XP level 8. HP: 61/61 MP: 16/17
  6415 | D:5      | Reached skill level 4 in Armour
  6449 | Temple   | Entered the Ecumenical Temple
  6485 | D:5      | Noticed Pikel
  6491 | D:5      | Killed Pikel
  6492 | D:5      | Reached skill level 5 in Armour
  6849 | D:5      | Reached skill level 6 in Armour
  7082 | D:5      | Found Zezeixywek's Antique Weapon Shoppe.
  7083 | D:5      | Noticed Grinder
  7089 | D:5      | Killed Grinder
  7737 | D:6      | Reached XP level 9. HP: 68/71 MP: 14/18
  7932 | D:6      | Reached skill level 7 in Armour
  8597 | D:6      | Reached skill level 8 in Armour
  8820 | D:6      | Identified the ring "Qymn" {rF+ rC+ Will+ Int+3}
  9014 | D:6      | Reached skill level 9 in Armour
  9247 | D:7      | Reached skill level 1 in Shields
  9923 | D:8      | Reached XP level 10. HP: 78/78 MP: 11/20
 10322 | D:8      | Found a staircase to the Lair.
 10614 | D:8      | Noticed Amaemon
 10624 | D:8      | Killed Amaemon
 10625 | D:8      | Reached skill level 10 in Armour
 10625 | D:8      | Reached skill level 5 in Spellcasting
 11218 | D:9      | Noticed a two-headed ogre
 11225 | D:9      | Killed a two-headed ogre
 11641 | D:9      | Noticed a sixfirhy
 11649 | D:9      | Noticed a sixfirhy
 11741 | D:9      | Reached XP level 11. HP: 67/85 MP: 6/22
 11940 | D:9      | Noticed Grum
 12313 | D:9      | Killed Grum
 12317 | D:9      | Reached skill level 11 in Armour
 12789 | D:13     | Identified the of Nouroneph
 12789 | D:13     | Identified the "Elomasi"
 12789 | D:13     | Identified the of Neulo
 12789 | D:13     | Identified the "Fotriguj"
 12789 | Lair:1   | Entered Level 1 of the Lair of Beasts
 12971 | Lair:1   | Found a frozen archway.
 12984 | IceCv    | Entered an ice cave
 13883 | IceCv    | Reached skill level 5 in Fighting
 13887 | IceCv    | Reached skill level 1 in Maces & Flails
 14042 | IceCv    | Noticed a reaper
 14048 | IceCv    | Mangled by a harpy simulacrum

Illustrated notes

Levels and vault maps discovered:
D:1:      pf_arrival_petrified_forest, layout_basic, serial_bayou_crossing
D:2:      layout_loops_cross, hellmonk_ecumenical_altar_lost_god
D:3:      kennysheep_slugbush, layout_basic, nicolae_elevator_lobby_plus
D:4:      layout_basic, enter_ossuary_3, goddamned_bats
D:5:      layout_loops_cross, tgw_kikubaaqudgha, minmay_temple_entry_junction,
          serial_shops, shop, uniq_grinder, uniq_pikel
D:6:      layout_cave_pools, serial_gnoll_camp, gnoll_camp_mini_doghouse,
          gnoll_camp_medium_02, gnoll_camp_mini_sergeant,
          gnoll_camp_mini_doghouse, chequers_serial_rivers_marsh
D:7:      layout_rooms, mainiacjoe_overflow_alcove_1, minivault_25,
          nicolae_zig_zag_zippers
D:8:      layout_loops_ring, vehumet_altar_wand_db, old_standard_altar,
          uniq_amaemon
D:9:      layout_rooms, mainiacjoe_overflow_big_doors, uniq_grum
Temple:   eino_temple_rhombus
Lair:1:   layout_misc_corridors, portal_ice_cave_entry_ice_simulacra,
          lemuel_fruit_fields
IceCv:    ice_cave_caverns_02

Skill      XL: |  1  2  3  4  5  6  7  8  9 10 11 |
---------------+----------------------------------+-----
Spellcasting   | 2 3 4 5 |  5.6
Earth Magic    | 3 4 5 6 |  6.6
Conjurations   | 1 3 4 5 6 |  6.7
Dodging        | 2 3 |  3.0
Fighting       | 1 2 4 5 |  5.0
Armour         | 1 3 6 9 10 11 | 11.1
Shields        | 1 3 |  3.5
Maces & Flails | 1 |  1.0
Stealth        | |  1.7
Transmutations | |  0.8

Action                     |  1- 3 |  4- 6 |  7- 9 | 10-12 || total
---------------------------+-------+-------+-------+-------++-------
  Melee: Long sword        |     6 |       |       |       ||     6
         Whip              |       |    26 |    43 |    22 ||    91
         Punch             |       |       |     1 |       ||     1
         Morningstar       |       |       |       |    30 ||    30
         Unarmed           |       |       |       |     6 ||     6
  Throw: Throwing net      |       |       |       |     1 ||     1
   Cast: Sandblast         |    80 |     5 |    15 |       ||   100
         Stone Arrow       |     7 |    78 |   197 |   242 ||   524
    Use: Scroll            |       |       |     2 |    10 ||    12
         Potion            |       |       |     1 |       ||     1
   Stab: Confused          |       |       |       |     2 ||     2
 Armour: Robe              |    20 |    33 |    27 |    15 ||    95
         Ring mail         |       |       |    49 |       ||    49
         Fire dragon scale |       |       |       |   192 ||   192
         Skin              |       |       |       |    11 ||    11
  Dodge: Dodged            |    31 |    47 |   175 |   164 ||   417
  Block: Buckler           |       |       |     7 |    14 ||    21

Table legend: (Time is in decaauts)
 A = Elapsed time spent in this place.
 B = Non-inter-level travel time spent in this place.
 C = Inter-level travel time spent in this place.
 D = Time resting spent in this place.
 E = Time spent auto-exploring this place.
 F = Levels seen in this place.
 G = Mean time per level.
                   A        B        C        D        E       F      G
               +--------+--------+--------+--------+--------+-----+--------+
         Total |  14164 |  13863 |    301 |   4154 |   7213 |  13 | 1089.5 |
       Dungeon |  11914 |  11653 |    261 |   3066 |   6491 |   9 | 1323.8 |
        Temple |      1 |      1 |      0 |      0 |      0 |   1 |    1.0 |
          Lair |    195 |    155 |     40 |     75 |      0 |   1 |  195.0 |
       Ossuary |    981 |    981 |      0 |    380 |    491 |   1 |  981.0 |
      Ice Cave |   1071 |   1071 |      0 |    633 |    231 |   1 | 1071.0 |
               +--------+--------+--------+--------+--------+-----+--------+

Top non-repeatable levels by time:
     D:8: 1876 daAuts
     D:5: 1703 daAuts
     D:6: 1582 daAuts
     D:3: 1513 daAuts
     D:4: 1488 daAuts
     D:1: 1189 daAuts
   IceCv: 1071 daAuts
 Ossuary: 981 daAuts
     D:9: 972 daAuts
     D:2: 937 daAuts
     D:7: 650 daAuts
  Lair:1: 195 daAuts
  Temple: 1 daAuts
